 Dungeon Crawl Stone Soup version 0.17.1-2-g5865329 (webtiles) character file.

55 Glider the Cudgeler (level 3, -2/29 HPs)
             Began as a Demonspawn Chaos Knight on Jan 17, 2016.
             Slain by a crimson imp (4 damage)
             ... summoned by Xom
             ... on level 2 of the Dungeon.
             The game lasted 00:04:01 (1739 turns).

Glider the Cudgeler (Demonspawn Chaos Knight)       Turns: 1739, Time: 00:04:01

Health: -2/29      AC:  9    Str: 12    XL:     3   Next: 67%
Magic:  3/3        EV: 10    Int: 14    God:    Xom [*.....]
Gold:   74         SH:  0    Dex: 12    Spells: 0 memorised, 2 levels left

rFire  + . .     SeeInvis .     h - +0 whip
rCold  + . .     Clarity  .     b - +2 leather armour
rNeg   . . .     SustAt   .     (no shield)
rPois  +         Gourm    .     k - +0 helmet
rElec  +         Spirit   .     (no cloak)
rCorr  +         Warding  .     (no gloves)
rMut   .         Stasis   .     (no boots)
MR     .....                    (no amulet)
Stlth  +.........               (no ring)
                                (no ring)

@: lethally poisoned (-2 -> -6), resistant, flying, very slightly contaminated,
hasted, very quick, not resistant to hostile enchantments, very unstealthy
A: molten scales 2
a: Renounce Religion


You were on level 2 of the Dungeon.
You worshipped Xom.
You were a special plaything of Xom.
You were not hungry.

You visited 1 branch of the dungeon, and saw 2 of its levels.

You collected 74 gold pieces.

Inventory:

Hand Weapons
 a - a +0 mace of chaos
 h - a +0 whip (weapon)
Armour
 b - a +2 leather armour (worn)
 k - a +0 helmet (worn)
Scrolls
 e - a scroll of identify {unknown}
 i - a scroll of fear {unknown}
 j - a scroll of teleportation {unknown}
 l - a scroll of amnesia {unknown}
 m - 2 scrolls of fog {unknown}
 q - a scroll of remove curse {unknown}
Comestibles
 c - 4 bread rations
 f - a slice of pizza
 n - a meat ration
 o - 3 chunks of flesh
 p - 5 fruits


   Skills:
 - Level 3.0 Fighting
 * Level 4.2 Maces & Flails
 - Level 1.7 Armour
 - Level 0.8 Dodging


You had 2 spell levels left.
You didn't know any spells.

Dungeon Overview and Level Annotations

Branches:
Dungeon (2/15)

Altars:

Annotations:
D:2 Terence


Innate Abilities, Weirdness & Mutations

You are mostly covered in molten scales (AC +3, EV -1).


Message History

You feel sick. The hobgoblin misses you.
You closely miss the hobgoblin.
The hobgoblin is heavily wounded.
The crimson imp hits you but does no damage.
You hit the hobgoblin.
You kill the hobgoblin!
You barely miss the crimson imp.
* * * LOW HITPOINT WARNING * * *
You feel sick.
The crimson imp hits you but does no damage.
You miss the crimson imp. You miss the crimson imp.
The crimson imp hits you but does no damage.
You aren't carrying any items that can be evoked.
You miss the crimson imp. You hit the crimson imp.
The crimson imp is lightly wounded.
* * * LOW HITPOINT WARNING * * *
You feel sick. The crimson imp hits you.
You die...

######## #......#
#####
#..b...########...#
#..b.........##...###
#....b...)...''......
#............##...###
####@##......##...#
#5##......######
#@##......#
#)###....... #.#
#.#####. #.# #. .#
#>. #'# ... ...


You could see Terence and a crimson imp.

Vanquished Creatures
  2 oozes
  2 worms
  7 hobgoblins
  3 jackals (D:1)
  7 kobolds
  A ball python (D:1)
  2 bats (D:1)
  4 giant cockroaches
  3 giant newts
  5 goblins
  3 rats
39 creatures vanquished.

Notes
Turn   | Place    | Note
--------------------------------------------------------------
     0 | D:1      | Glider the Demonspawn Chaos Knight began the quest for the Orb.
     0 | D:1      | Reached XP level 1. HP: 18/18 MP: 1/1
   150 | D:1      | Gained mutation: You are partially covered in molten scales (AC +1). [demonic ancestry]
   150 | D:1      | Reached XP level 2. HP: 18/24 MP: 2/2
  1231 | D:1      | Gained mutation: You are mostly covered in molten scales (AC +3, EV -1). [demonic ancestry]
  1231 | D:1      | Reached XP level 3. HP: 29/29 MP: 3/3
  1326 | D:1      | XOM: divination: detect creatures
  1394 | D:2      | Reached skill level 4 in Maces & Flails
  1591 | D:2      | XOM: divination: detect items
  1698 | D:2      | XOM: smoke on damage
  1708 | D:2      | Noticed Terence
  1711 | D:2      | XOM: potion effect (haste)
  1716 | D:2      | XOM: silly message
  1717 | D:2      | XOM: butterfly on damage
  1729 | D:2      | XOM: summons 1 hostile demon
  1739 | D:2      | Slain by a crimson imp

Action                   || total
-------------------------++-------
Melee: Mace              ||    27
       Whip              ||   166
  Use: Potion            ||     2
 Stab: Sleeping          ||     1
  Eat: Chunk             ||     3
